Map: Doraelus Hills

Players

MrBuddasac

  • Race: Protoss Protoss

DarkoDonnie

  • Race: Terran Terran
  • League: Silver

Chaotix

  • Race: Zerg Zerg

merlin - Winner!

  • Race: Protoss Protoss

TrapstaR - Winner!

  • Race: Zerg Zerg

Van - Winner!

  • Race: Terran Terran
  • League: Silver

VOD

Have the link to the VOD?

Description

Time

  • Played on: Jan. 19, 2016, 5:53 p.m.
  • Length: 12:50
Show
View Real Time Build Order
Export as new Build Order

MrBuddasac Protoss 

Build Orders:  

Get SALT Encoding   

  12  0:03  Probe (Chrono Boost)  
  13  0:15  Probe (Chrono Boost)  
  14  0:26  Probe (Chrono Boost)  
  15  0:28  Pylon  
  15  0:47  Probe (Chrono Boost)  
  16  0:57  Probe (Chrono Boost)  
  17  1:08  Probe (Chrono Boost)  
  19  1:18  Probe (Chrono Boost)  
  19  1:29  Probe (Chrono Boost)  
  20  1:39  Probe (Chrono Boost)  
  22  1:54  Probe (Chrono Boost)  
  22  2:00  Gateway  
  22  2:01  Gateway  
  22  2:02  Nexus  
  22  2:03  Pylon  
  22  2:04  Probe (Chrono Boost), Assimilator  
  23  2:09  Assimilator  
  23  2:13  Pylon  
  23  2:22  Probe (Chrono Boost), Pylon  
  24  2:32  Probe (Chrono Boost)  
  24  2:36  Forge  
  25  2:43  Probe (Chrono Boost)  
  26  2:54  Cybernetics Core  
  26  3:03  Assimilator  
  26  3:07  Assimilator  
  26  3:18  Photon Cannon  
  26  3:22  Probe (Chrono Boost)  
  26  3:23  Photon Cannon  
  27  3:33  Probe (Chrono Boost)  
  28  3:41  Photon Cannon  
  28  3:43  Probe (Chrono Boost), Photon Cannon  
  28  3:44  Probe (Chrono Boost)  
  30  3:54  Probe (Chrono Boost)  
  30  3:55  Probe (Chrono Boost)  
  32  4:05  Probe x2 (Chrono Boost), Pylon  
  34  4:10  Pylon  
  34  4:12  Warp Gate (Chrono Boost)  
  34  4:16  Probe (Chrono Boost)  
  34  4:17  Protoss Ground Weapons Level 1 (Chrono Boost)  
  35  4:27  Mothership Core, Gateway  
  35  4:31  Robotics Facility  
  37  4:37  Stalker x2  
  41  4:47  Probe  
  41  4:52  Probe  
  43  4:57  Probe  
  44  5:04  Probe  
  45  5:24  Robotics Bay  
  45  5:26  Immortal (Chrono Boost)  
  49  5:28  Stalker  
  49  5:29  Stalker x2  
  55  5:36  Pylon  
  55  5:49  Protoss Shields Level 1 (Chrono Boost)  
  55  6:02  Pylon  
  55  6:05  Immortal (Chrono Boost)  
  59  6:17  Stalker  
  59  6:18  Stalker x2  
  65  6:39  Colossus (Chrono Boost)  
  71  6:42  Stalker x2  
  71  6:43  Stalker  
  77  7:18  Photon Cannon  
  77  7:23  Photon Cannon  
  77  7:24  Stalker x2  
  77  7:25  Stalker  
  77  7:26  Colossus (Chrono Boost)  
  82  7:51  Stalker x3  
  86  8:22  Zealot x3  
  92  8:44  Pylon  
  92  8:45  Pylon  
  92  8:48  Pylon  
  92  8:49  Pylon  
  92  8:50  Pylon  
  92  8:53  Pylon  
  38  10:07  Stalker  
  38  10:09  Stalker  
  38  10:10  Stalker  
  38  10:12  Immortal (Chrono Boost)  
  44  10:23  Stargate  
  44  10:26  Stargate  
  44  10:30  Protoss Ground Armor Level 1  
  44  10:34  Pylon  
  44  10:36  Pylon  
  44  10:42  Stalker x2  
  48  10:43  Stalker  
  48  10:46  Colossus (Chrono Boost)  
  56  10:53  Nexus  
  56  10:55  Pylon  
  52  11:33  Immortal (Chrono Boost)  
  52  11:42  Zealot x2  
  52  11:43  Zealot  
Show
View Real Time Build Order
Export as new Build Order

DarkoDonnie Terran 

Build Orders:  

Get SALT Encoding   

  12  0:01  SCV  
  13  0:14  SCV  
  14  0:24  Supply Depot  
  14  0:26  SCV  
  15  0:47  Barracks  
  15  1:35  Supply Depot  
  15  1:36  SCV  
  15  1:37  Marine  
  15  1:38  Barracks  
  15  1:39  Command Center  
  17  1:54  Marine  
  17  1:58  SCV  
  19  2:12  Marine  
  20  2:19  SCV  
  21  2:30  Marine  
  21  2:32  SCV  
  21  2:34  Marine  
  24  2:42  Barracks  
  24  2:44  SCV  
  24  2:46  Barracks  
  24  2:48  Marine  
  24  2:50  SCV  
  27  2:51  Marine  
  28  3:01  SCV, Barracks  
  29  3:06  SCV  
  29  3:07  Marine  
  32  3:20  SCV  
  32  3:21  SCV  
  32  3:24  Marine  
  32  3:26  Marine  
  35  3:30  Barracks  
  35  3:37  Marine  
  35  3:38  Marine  
  37  3:44  SCV x2  
  37  3:45  Marine x2  
  41  3:52  Supply Depot  
  41  3:58  SCV x2  
  41  4:02  Supply Depot  
  43  4:04  Marine x3  
  46  4:13  SCV x2, Marine x2  
  50  4:25  Refinery  
  50  4:26  Supply Depot, Refinery, Marine  
  50  4:28  Marine  
  50  4:30  Marine  
  53  4:32  Marine  
  53  4:34  SCV  
  53  4:36  SCV  
  53  4:38  Marine  
  57  4:40  Marine  
  58  4:53  SCV x2, Marine  
  58  4:54  Marine x3  
  58  4:57  Barracks Tech Lab  
  64  5:04  Marine  
  64  5:05  SCV x2  
  67  5:13  Barracks Reactor  
  67  5:18  Orbital Command  
  67  5:19  Orbital Command  
  67  5:23  Barracks Reactor  
  67  7:35  Marine  
  67  7:37  Barracks Reactor x3  
  63  7:44  Marine x3  
  63  7:45  Marine  
  67  7:53  Marine  
  61  8:16  SCV  
  62  8:44  Supply Depot x2  
  62  8:45  Supply Depot, Marine  
  62  8:47  Supply Depot, Marine  
  62  8:49  Marine  
  62  8:51  Supply Depot  
  62  8:52  SCV  
  62  9:16  Supply Depot  
  62  9:17  Supply Depot x5  
  62  9:19  Marine  
  62  9:20  SCV, Marine  
  62  9:21  SCV, Marine x4  
  62  9:22  Marine  
  53  9:28  Marine x2  
  53  9:29  Marine x2  
  44  9:32  SCV  
  44  9:33  SCV  
  44  9:37  Marine  
  44  9:38  Marine x2  
  48  9:44  SCV  
  48  9:45  SCV  
  51  9:46  Barracks  
  51  9:47  Barracks x2  
  51  9:51  Marine x2  
  51  9:52  Marine x4  
  55  9:53  Marine x2  
  55  9:55  Marine x2  
  55  9:56  Marine  
  62  10:01  Barracks  
  62  10:02  Barracks  
  62  10:06  Barracks  
  62  10:09  Barracks, Marine  
  62  10:12  Marine x6  
  62  10:13  Marine x3  
  72  10:20  Engineering Bay  
  72  10:22  Engineering Bay  
  72  10:28  Marine  
  72  10:29  Barracks  
  73  10:37  Supply Depot  
  73  10:39  Marine  
  73  10:41  Barracks Reactor x2  
  73  10:42  Marine x3  
  75  10:43  Marine x3  
  80  10:53  Supply Depot  
  73  10:58  Barracks Reactor x3  
  73  10:59  Barracks Reactor  
  65  11:27  Marine x5  
  65  11:28  Marine x12  
  82  11:34  Marine x7  
  89  11:43  Marine  
  89  11:45  Marine x4  
  89  11:46  Marine x6  
Show
View Real Time Build Order
Export as new Build Order

Chaotix Zerg 

Build Orders: Hatch First 

Get SALT Encoding   

  12  0:04  Drone  
  13  0:10  Drone  
  14  0:23  Overlord  
  15  0:57  Hatchery, Drone  
  15  0:59  Drone  
  15  1:01  Drone  
  16  1:20  Drone x2  
  16  1:21  Spawning Pool  
  17  1:27  Extractor  
  17  1:31  Overlord  
  16  1:41  Drone  
  17  1:54  Drone  
  18  2:09  Drone  
  18  2:13  Queen  
  21  2:16  Overlord  
  21  2:17  Hatchery, Drone  
  21  2:32  Drone  
  21  2:33  Drone x2  
  24  2:42  Drone x2  
  26  2:48  Extractor  
  25  2:56  Drone  
  25  2:57  Drone x2  
  28  2:58  Roach Warren  
  28  3:04  Queen  
  29  3:07  Overlord  
  29  3:18  Zergling x6  
  32  3:23  Drone x3  
  35  3:29  Drone x2  
  37  3:37  Overlord  
  37  3:46  Evolution Chamber  
  37  3:48  Lair  
  36  3:55  Spore Crawler  
  35  3:58  Spore Crawler, Roach  
  35  4:01  Drone  
  37  4:03  Drone  
  38  4:10  Extractor  
  38  4:13  Extractor  
  38  4:15  Drone x2  
  38  4:20  Drone  
  38  4:21  Drone x3  
  42  4:29  Roach x2  
  46  4:33  Roach  
  46  4:36  Drone  
  46  4:38  Drone  
  50  4:46  Overseer  
  50  4:50  Roach x2  
  50  4:51  Roach  
  56  4:53  Drone  
  56  4:54  Drone  
  56  4:55  Drone  
  56  4:57  Drone  
  60  5:05  Drone x2  
  60  5:06  Drone  
  63  5:22  Drone x3  
  63  5:24  Overlord x4, Hydralisk Den  
  65  5:35  Infestation Pit  
  65  5:40  Roach  
  65  5:41  Overlord  
  66  5:46  Roach x3  
  72  5:52  Drone x2  
  74  6:00  Hatchery  
  73  6:06  Hydralisk x3  
  73  6:08  Hydralisk  
  81  6:16  Overseer  
  81  6:21  Muscular Augments  
  81  6:23  Hive  
  81  6:25  Drone x2  
  83  6:27  Drone  
  83  6:28  Drone  
  85  6:38  Hydralisk x3  
  91  6:42  Zerg Missile Weapons Level 1  
  91  7:09  Hydralisk  
  91  7:10  Hydralisk x6  
  91  7:11  Hydralisk x3  
  111  7:21  Drone  
  110  7:54  Overlord x3  
  110  8:11  Drone  
  111  8:13  Overlord  
  111  8:14  Overlord x4  
  110  8:20  Ultralisk Cavern  
  102  8:27  Drone x2  
  102  8:28  Drone x5  
  108  8:36  Zerg Ground Armor Level 1  
  100  9:22  Ultralisk x3  
  100  9:23  Ultralisk x2  
  83  9:48  Ultralisk  
  79  9:53  Extractor  
  79  9:56  Extractor  
  77  10:11  Hydralisk x4  
  77  10:13  Zergling x4  
  77  10:14  Zergling x10  
  89  10:15  Zergling x2  
  89  10:18  Metabolic Boost  
  93  10:40  Chitinous Plating  
  73  11:45  Ultralisk  
  73  11:46  Ultralisk x2  
  98  11:52  Hydralisk x2  
  98  11:53  Hydralisk  
  89  11:54  Zergling x4  
  89  11:55  Zergling x2  
  78  12:08  Overseer  
Show
View Real Time Build Order
Export as new Build Order

merlin Protoss - Winner!

Build Orders: Double Forge 

Get SALT Encoding   

  12  0:02  Probe (Chrono Boost)  
  13  0:13  Probe (Chrono Boost)  
  14  0:22  Pylon  
  14  0:23  Probe (Chrono Boost)  
  15  0:40  Probe (Chrono Boost)  
  16  0:51  Probe (Chrono Boost)  
  17  1:02  Probe (Chrono Boost)  
  18  1:12  Probe (Chrono Boost)  
  18  1:17  Nexus  
  18  1:18  Pylon  
  19  1:23  Probe (Chrono Boost)  
  20  1:27  Forge  
  20  1:33  Probe (Chrono Boost)  
  20  1:36  Pylon  
  21  1:42  Assimilator  
  21  1:46  Assimilator  
  21  1:48  Probe (Chrono Boost)  
  22  1:58  Probe (Chrono Boost)  
  23  2:01  Photon Cannon  
  23  2:09  Probe (Chrono Boost)  
  23  2:11  Photon Cannon  
  24  2:26  Probe (Chrono Boost)  
  26  2:30  Probe (Chrono Boost)  
  26  2:36  Probe (Chrono Boost)  
  27  2:40  Probe (Chrono Boost)  
  27  2:42  Photon Cannon  
  28  2:48  Probe (Chrono Boost), Pylon  
  28  2:51  Probe (Chrono Boost)  
  31  2:58  Probe (Chrono Boost)  
  31  3:01  Probe (Chrono Boost)  
  32  3:09  Probe (Chrono Boost)  
  32  3:12  Probe (Chrono Boost)  
  34  3:19  Gateway, Probe (Chrono Boost)  
  35  3:22  Probe (Chrono Boost)  
  36  3:30  Probe (Chrono Boost), Assimilator  
  36  3:33  Probe (Chrono Boost)  
  38  3:35  Assimilator  
  38  3:40  Probe (Chrono Boost)  
  39  3:42  Photon Cannon  
  39  3:44  Probe (Chrono Boost)  
  40  3:54  Probe (Chrono Boost)  
  40  3:55  Gateway  
  41  3:59  Gateway  
  41  4:01  Pylon  
  41  4:02  Pylon  
  41  4:05  Probe (Chrono Boost)  
  41  4:07  Forge  
  42  4:10  Cybernetics Core  
  42  4:18  Pylon  
  42  4:25  Pylon  
  42  4:37  Warp Gate (Chrono Boost)  
  42  4:39  Gateway  
  42  4:41  Protoss Ground Weapons Level 1 (Chrono Boost)  
  42  4:52  Probe  
  44  5:03  Probe  
  44  5:10  Mothership Core  
  46  5:15  Probe  
  46  5:20  Protoss Shields Level 1 (Chrono Boost)  
  47  5:27  Probe  
  47  5:28  Robotics Facility  
  48  5:32  Probe  
  49  5:39  Probe  
  50  5:44  Probe  
  51  5:55  Pylon  
  51  6:08  Twilight Council  
  51  6:12  Robotics Facility  
  51  6:18  Robotics Bay  
  51  6:22  Stargate  
  51  6:39  Gateway, Pylon  
  51  6:40  Gateway  
  51  6:45  Gateway  
  51  6:47  Gateway  
  51  6:52  Stalker  
  51  6:53  Stalker x3, Photon Cannon  
  59  6:59  Protoss Ground Weapons Level 2  
  59  7:00  Protoss Ground Armor Level 1  
  59  7:04  Observer  
  59  7:06  Extended Thermal Lance  
  59  7:08  Photon Cannon  
  60  7:14  Stalker  
  60  7:15  Stalker  
  64  7:19  Stalker x2  
  68  7:26  Colossus  
  74  7:51  Stalker x3  
  76  7:52  Stalker x3  
  86  8:17  Colossus  
  86  8:19  Stalker x2, Nexus  
  96  8:20  Zealot  
  96  8:21  Zealot x3  
  96  8:26  Nexus  
  104  8:29  Pylon  
  104  8:31  Pylon  
  104  8:35  Assimilator  
  104  8:45  Pylon  
  104  8:49  Pylon  
  104  8:52  Assimilator  
  104  8:54  Protoss Shields Level 2  
  104  8:57  Stalker x2  
  104  8:58  Assimilator  
  104  9:00  Zealot  
  86  9:25  Colossus (Chrono Boost)  
  86  9:26  Colossus (Chrono Boost)  
  86  9:31  Probe  
  99  9:39  Probe  
  99  9:41  Probe x2  
  99  9:42  Probe  
  103  9:51  Probe  
  103  9:52  Probe  
  105  10:03  Probe  
  106  10:07  Stalker x2  
  106  10:14  Protoss Ground Armor Level 2 (Chrono Boost)  
  110  10:19  Colossus (Chrono Boost)  
  110  10:20  Probe  
  116  10:28  Probe  
  117  10:31  Probe  
  119  10:37  Assimilator  
  119  10:39  Probe  
  119  10:41  Probe  
  120  10:49  Probe  
  121  10:52  Probe  
  123  11:00  Probe  
  123  11:02  Zealot x2  
  123  11:03  Probe, Zealot  
  130  11:10  Probe  
  131  11:13  Templar Archives  
  132  11:20  Photon Cannon  
  132  11:26  Photon Cannon x2  
  96  11:35  Stalker  
  96  11:36  Stalker x4  
  96  11:37  Stalker  
  102  11:46  Stalker x2  
  106  11:52  Immortal (Chrono Boost)  
  110  11:57  Immortal (Chrono Boost)  
  110  12:00  Stalker x2  
  112  12:24  Stalker x4  
  126  12:33  High Templar x3  
  126  12:34  High Templar  
Show
View Real Time Build Order
Export as new Build Order

TrapstaR Zerg - Winner!

Build Orders: Hatch First, Lurkers 

Get SALT Encoding   

  12  0:01  Drone  
  13  0:12  Overlord  
  13  0:20  Drone  
  14  0:32  Drone  
  14  0:33  Drone  
  16  0:43  Drone  
  17  0:54  Hatchery  
  16  0:58  Drone  
  16  1:00  Drone  
  18  1:16  Spawning Pool  
  17  1:19  Drone, Extractor  
  17  1:22  Drone  
  18  1:44  Drone  
  19  2:03  Queen  
  19  2:04  Zergling x2  
  19  2:06  Queen, Zergling x4  
  27  2:08  Drone  
  27  2:19  Drone  
  28  2:23  Metabolic Boost  
  28  2:37  Hatchery  
  28  2:38  Drone, Overlord  
  28  2:53  Overlord  
  28  2:56  Queen  
  30  3:02  Drone  
  30  3:03  Drone x2  
  30  3:04  Drone  
  34  3:06  Drone  
  35  3:18  Drone  
  35  3:19  Drone x3  
  39  3:39  Drone x2  
  39  3:40  Overlord, Drone x2  
  43  3:53  Extractor  
  42  4:00  Drone x9  
  51  4:05  Zergling x2  
  52  4:19  Drone  
  52  4:22  Overlord  
  52  4:23  Drone x5  
  58  4:32  Roach Warren  
  58  4:35  Evolution Chamber x2  
  55  4:39  Lair  
  55  4:40  Drone x5  
  55  4:41  Overlord  
  55  4:42  Overlord  
  60  4:56  Extractor  
  60  4:58  Drone, Extractor  
  59  5:03  Drone x6  
  65  5:07  Zerg Missile Weapons Level 1, Zerg Ground Armor Level 1  
  65  5:23  Roach x6  
  77  5:35  Extractor  
  76  5:36  Extractor  
  76  5:41  Queen  
  77  5:42  Hatchery  
  76  5:52  Queen  
  78  6:07  Drone x4  
  82  6:11  Overlord x4  
  82  6:12  Overlord x2  
  82  6:13  Overlord x2  
  82  6:18  Glial Reconstitution  
  82  6:24  Hydralisk Den  
  81  6:28  Drone  
  81  6:30  Drone  
  81  6:31  Drone x4  
  87  6:32  Pneumatized Carapace  
  87  6:37  Overseer  
  87  7:11  Queen  
  87  7:15  Roach x2  
  93  7:16  Roach x15  
  93  7:18  Zerg Ground Armor Level 2, Zerg Missile Weapons Level 2  
  123  7:35  Lurker Den  
  120  7:39  Roach  
  120  7:40  Roach x8  
  138  8:15  Overlord x6  
  138  8:16  Roach x3  
  138  8:17  Roach x3  
  150  8:32  Overlord x4  
  150  8:45  Hatchery  
  150  8:46  Ravager x4, Extractor  
  150  8:47  Ravager x3  
  150  8:48  Hydralisk, Extractor  
  154  8:49  Hydralisk x3  
  154  8:50  Hydralisk x4  
  154  8:51  Hydralisk x2  
  154  8:52  Hydralisk x2  
  170  9:35  Roach  
  170  9:36  Roach x14  
  174  9:48  Hydralisk  
  174  9:49  Hydralisk x5  
  174  9:55  Lurker x2  
  145  10:36  Muscular Augments  
  145  10:44  Lurker x5  
  145  10:47  Roach  
  145  10:48  Roach x18  
  145  10:49  Roach x2  
  192  10:56  Infestation Pit  
  191  10:58  Spire  
  190  11:17  Overseer x2  
  190  11:26  Hydralisk  
  190  11:27  Hydralisk x4  
  188  11:59  Roach x4  
  188  12:00  Roach x6  
Show
View Real Time Build Order
Export as new Build Order

Van Terran - Winner!

Build Orders: MMM Bio 

Get SALT Encoding   

  12  0:01  SCV  
  13  0:13  SCV  
  14  0:26  SCV  
  15  0:31  Supply Depot  
  15  0:53  SCV  
  15  0:55  Barracks  
  16  1:05  SCV  
  17  1:17  SCV  
  18  1:25  Command Center  
  18  1:29  SCV  
  18  1:32  Refinery  
  19  1:35  Refinery  
  19  1:44  Supply Depot  
  19  1:45  Marine  
  20  1:49  SCV  
  21  2:01  SCV  
  22  2:13  SCV  
  23  2:27  SCV  
  24  2:32  Barracks Tech Lab  
  24  2:36  SCV  
  25  2:43  Supply Depot, Barracks  
  25  2:46  Engineering Bay  
  25  2:48  Orbital Command  
  25  2:56  Marine  
  26  3:00  Stimpack  
  26  3:13  Missile Turret  
  26  3:15  SCV  
  26  3:17  SCV  
  28  3:27  SCV  
  28  3:29  Marine  
  28  3:33  Orbital Command  
  30  3:34  Marine  
  30  3:41  Terran Infantry Weapons Level 1  
  31  3:43  SCV  
  32  3:49  Marine  
  32  3:55  SCV  
  34  4:00  Barracks Reactor  
  34  4:02  SCV  
  35  4:03  Factory  
  35  4:07  SCV  
  36  4:10  Marine  
  36  4:15  Refinery  
  37  4:18  SCV  
  37  4:19  SCV, Refinery  
  39  4:30  SCV, Marine  
  41  4:35  Barracks  
  41  4:37  SCV  
  42  4:38  Marine x2  
  42  4:39  Barracks  
  42  4:45  SCV  
  45  4:48  Marine  
  45  4:49  SCV  
  47  4:55  Sensor Tower  
  47  4:57  SCV  
  47  4:58  Missile Turret, Marine  
  49  5:00  Factory Reactor  
  49  5:02  SCV  
  49  5:04  Marine  
  51  5:10  Supply Depot  
  51  5:14  Combat Shields, Marine  
  51  5:21  SCV x2  
  54  5:22  Armory  
  54  5:31  Marine x4  
  54  5:33  SCV x2, Marine  
  61  5:37  Terran Infantry Armor Level 1  
  61  5:45  SCV  
  61  5:47  Starport  
  62  5:51  Factory Tech Lab  
  62  5:57  Supply Depot  
  62  6:01  Supply Depot  
  62  6:19  SCV, Siege Tank, Marine x4  
  62  6:22  SCV, Marine  
  62  6:24  Barracks  
  72  6:25  Supply Depot  
  72  6:31  SCV  
  73  6:36  Marine x2  
  73  6:37  Marine x2  
  77  6:47  Medivac x2  
  77  6:49  SCV  
  77  6:50  Marine  
  83  6:56  SCV  
  83  7:01  SCV  
  85  7:02  Marine  
  86  7:18  Supply Depot  
  86  7:32  Marine  
  86  7:34  Marine  
  86  7:35  SCV  
  86  7:37  Marine  
  86  7:38  Marine  
  86  7:39  SCV, Medivac x2, Siege Tank, Marine  
  83  7:48  SCV  
  83  7:50  Marine  
  84  7:51  SCV, Marine  
  84  7:55  Marine  
  84  7:56  Marine  
  82  8:14  Marine  
  82  8:15  Marine x2  
  82  8:16  Reaper, Marine  
  85  8:31  SCV  
  85  8:32  Marine x2  
  83  8:34  Marine  
  84  8:42  Supply Depot  
  84  8:44  Terran Infantry Armor Level 2  
  84  8:47  Terran Vehicle And Ship Armor Level 1, Barracks Tech Lab  
  84  8:50  Starport  
  84  8:56  Marine  
  82  9:29  Marine x3  
  82  9:30  Marine  
  63  9:38  Siege Tank  
  64  9:40  Viking  
  64  9:41  Viking  
  68  9:47  Marine x2  
  69  9:58  Liberator x2  
  69  10:00  Marine x2  
  69  10:05  Marine  
  69  10:07  Starport Tech Lab  
  78  10:23  Marine x4  
  78  10:25  Cyclone  
  85  10:40  Marine  
  86  11:00  Liberator  
  86  11:01  Liberator  
  86  11:11  Marine  
  86  11:13  Marine  
  86  11:18  Medivac, Marine x2  
  71  11:26  Siege Tank  
  71  11:29  Marine  
  71  11:31  Liberator, Marine  
  76  11:36  Marine x2  
  72  11:47  Marine  
  72  11:49  Marine, Marauder  
  72  11:54  Marine x2  
  79  12:05  Marine  
  79  12:07  Marine  
  80  12:12  Marine  
  80  12:13  Siege Tank  
  80  12:14  Medivac  
  90  12:22  SCV  
  90  12:23  SCV, Supply Depot  
  90  12:25  Supply Depot  
  91  12:35  SCV  
Tags
 
Add a new tag
Caveats
  • Supply blocks, unpowered buildings, or Contaminate may cause inaccurate times.
  • Supply counts are checked every 10 seconds.